 Dungeon Crawl Stone Soup version 0.28-a0-172-g787e458d71 (webtiles) character file.

Game seed: 12150628349935854266

468 Anon1729 the Slasher (level 6, -4/57 HPs)
             Began as a Minotaur Monk on Aug 16, 2021.
             Was a Plaything of Xom.
             Slain by an ogre (13 damage)
             ... on level 3 of the Dungeon.
             The game lasted 00:05:50 (3426 turns).

Anon1729 the Slasher (Minotaur Monk)                Turns: 3426, Time: 00:05:51

Health: -4/57      AC: 10    Str: 17    XL:     6   Next: 81%
Magic:  5/5        EV:  5    Int:  7    God:    Xom [..*...]
Gold:   1          SH:  0    Dex: 13    Spells: 5/5 levels left

rFire   + . .      SeeInvis .   a - +0 falchion
rCold   . . .      Faith    .   (no shield)
rNeg    . . .      Spirit   .   i - +0 plate armour
rPois   .          Reflect  .   (helmet restricted)
rElec   .          Harm     .   (no cloak)
rCorr   .          Rampage  .   (no gloves)
Will    .....                   (no boots)
Stlth   ..........              (no amulet)
HPRegen 0.19/turn               p - ring of protection from fire
MPRegen 0.09/turn               (no ring)

@: no status effects
A: horns 2, retaliatory headbutt
a: Renounce Religion


You were on level 3 of the Dungeon.
You worshipped Xom.
You were a toy of Xom.
You visited 1 branch of the dungeon, and saw 4 of its levels.

You collected 105 gold pieces.
You spent 104 gold pieces at shops.

Inventory:

Hand Weapons
 a - a +0 falchion (weapon)
 f - a +1 short sword of venom
Missiles
 c - 74 stones (quivered)
Armour
 b - a +0 robe
 i - a +0 plate armour (worn)
Jewellery
 p - a ring of protection from fire (left hand)
Scrolls
 g - a scroll of magic mapping {unknown}
 h - a scroll of enchant weapon {unknown}
 l - a scroll of noise {unknown}
Potions
 d - 2 potions of berserk rage {unknown}
 e - 2 potions of magic {unknown}
 j - a potion of cancellation {unknown}
 k - a potion of haste {unknown}
 m - a potion of mutation {unknown}
 n - a potion of might
 o - a potion of curing


   Skills:
 + Level 6.1 Fighting
 * Level 7.9 Long Blades
 - Level 3.3 Dodging
 - Level 1.6 Stealth


You had 5 spell levels left.
You didn't know any spells.
Your spell library contained the following spells:

 Spells                   Type           Power      Damage    Failure   Level
 Call Canine Familiar     Summ           0%         N/A       100%        3
 Portal Projectile        Hex/Tloc       0%         N/A       100%        3
 Leda's Liquefaction      Hex/Erth       0%         N/A       100%        4


Dungeon Overview and Level Annotations

Branches:
Dungeon (4/15)
 Temple: D:4-7

Altars:
Xom

Shops:
D:1 :   D:3 !   D:4 (


Innate Abilities, Weirdness & Mutations

You have a pair of horns on your head.
You reflexively headbutt those who attack you in melee.


Message History

d - 2 fizzy yellow potions (gained 1)
You open the door.
Found Bennoke's Antique Weapon Emporium.
There is an open door here.
There is an entrance to Bennoke's Antique Weapon Emporium here.
You can access your shopping list by pressing '$'.
You open the door.
There is an open door here.
A goblin comes into view. It is wielding a +0 club.
The goblin shouts!
A goblin is nearby!
A goblin is nearby!
A goblin is nearby!
You slash the goblin!
You kill the goblin!
An ogre comes into view. It is wielding a +0 giant club.
The ogre shouts!
You hear a shout!
The ogre barely misses you.
A kobold comes into view. It is wielding a +0 short sword.
You hit the ogre but do no damage. Your headbutt misses the ogre.
The ogre hits you with a +0 giant club!!
Ouch! That really hurt!
A bullfrog skeleton comes into view.
You are too injured to fight recklessly!
You are too injured to fight recklessly!
You are too injured to fight recklessly!
You are too injured to fight recklessly!
You are too injured to fight recklessly!
There are monsters nearby!
There are monsters nearby!
There is a stone staircase leading up here.
The ogre hits you with a +0 giant club!!
* * * LOW HITPOINT WARNING * * *
You climb upwards.
There is a stone staircase leading down here.
You aren't carrying any items that you can evoke.
Unknown command.
The ogre hits you with a +0 giant club!
You die...
Xom chuckles heartily!

#......# #...
##......##########...
#...............†'...
#.####.###########... #.#
#.# ####### ###'####.#
#......
####........########...).(
#.........O>..............
#........@.#####.......###
#.......#### #........#
#.......# #........##
#.......# #.........#
#.......# #.......#†'
####'#### #.......#.#
#....# #.......#..
##.##.### #.......#..
#...#)÷.# #########..


You could see an ogre.

Vanquished Creatures
  Grinder (D:3)
  A black bear (D:2)
  7 gnolls
  5 adders
  An ufetubus (D:3)
  2 worms
  2 orcs
  8 ball pythons
  5 bats
  3 endoplasms
  A giant cockroach (D:3)
  2 goblins
  6 hobgoblins
  2 jackals (D:3)
  5 kobolds
  2 quokkas (D:1)
  2 frilled lizards
  2 rats
57 creatures vanquished.

Notes
Turn   | Place    | Note
-------+----------+-------------------------------------------
     0 | D:1      | Anon1729 the Minotaur Monk began the quest for the Orb.
     0 | D:1      | Reached XP level 1. HP: 19/19 MP: 0/0
   113 | D:1      | Found Tiall's Book Shop.
   244 | D:1      | Reached skill level 4 in Long Blades
   794 | D:1      | Reached XP level 2. HP: 25/27 MP: 1/1
  1142 | D:2      | You fall into a shaft and drop 1 floor!
  1157 | D:3      | Reached XP level 3. HP: 33/33 MP: 2/2
  1183 | D:3      | Reached skill level 5 in Long Blades
  1573 | D:2      | Found a faded altar of an unknown god.
  1577 | D:2      | Reached XP level 4. HP: 41/41 MP: 3/3
  1582 | D:2      | Became a worshipper of Xom of Malevolent Giggling
  1723 | D:2      | XOM: potion effect (invisibility)
  2502 | D:3      | Reached skill level 6 in Long Blades
  2502 | D:3      | Reached XP level 5. HP: 47/47 MP: 4/4
  2612 | D:3      | XOM: divination: detect creatures
  2613 | D:3      | Noticed Grinder
  2613 | D:3      | Paralysed by Grinder for 2 turns
  2617 | D:3      | Paralysed by Grinder for 4 turns
  2625 | D:3      | Noticed a black bear
  2645 | D:3      | XOM: potion effect (might)
  2657 | D:2      | Killed a black bear
  2658 | D:2      | Reached skill level 5 in Fighting
  2712 | D:3      | Killed Grinder
  2713 | D:3      | Reached skill level 7 in Long Blades
  2713 | D:3      | Reached XP level 6. HP: 25/57 MP: 5/5
  2944 | D:3      | Found Umita's Distillery.
  2991 | D:3      | Bought a potion of might for 52 gold pieces
  2991 | D:3      | Bought a potion of degeneration for 13 gold pieces
  2991 | D:3      | Bought a potion of curing for 39 gold pieces
  3012 | D:3      | XOM: cast spell 'Summon Small Mammal'
  3394 | D:4      | Found Bennoke's Antique Weapon Emporium.
  3426 | D:3      | Slain by an ogre

Illustrated notes

Levels and vault maps discovered:
D:1:      zaba_arrival_water, layout_loops_corners, serial_shops, shop
D:2:      layout_basic, hellmonk_ecumenical_altar_slurped_away, minivault_23,
          kennysheep_generic_room_14
D:3:      layout_basic, serial_shops, nicolae_diamond_shop,
          kennysheep_nondescript, uniq_grinder
D:4:      cheibrodos_quashed, layout_loops_ring, minmay_temple_entry_tees,
          serial_shops, shop, nicolae_take_the_stairs, nicolae_shop_waterfront,
          nicolae_shop_behind_doors, nicolae_shop_overgrown_old_shop,
          ebering_ghost_reflecting_pool, uniq_menkaure

Skill      XL: |  1  2  3  4  5 |
---------------+----------------+-----
Long Blades    | 4 5 6 7 |  7.9
Fighting       | 4 6 |  6.1
Dodging        | |  3.3
Stealth        | |  1.6

Action                   |  1- 3 |  4- 6 || total
-------------------------+-------+-------++-------
Melee: Falchion          |    49 |   103 ||   152
       Headbutt          |    11 |    13 ||    24
Throw: Stone             |     5 |       ||     5
 Stab: Sleeping          |     1 |     1 ||     2
       Invisible         |       |     1 ||     1
Armor: Robe              |     8 |     5 ||    13
       Plate armour      |       |    65 ||    65
Dodge: Dodged            |    29 |    49 ||    78
       Rpst.: Falchion   |     7 |    12 ||    19

Table legend: (Time is in decaauts)
 A = Elapsed time spent in this place.
 B = Non-inter-level travel time spent in this place.
 C = Inter-level travel time spent in this place.
 D = Time resting spent in this place.
 E = Time spent auto-exploring this place.
 F = Levels seen in this place.
 G = Mean time per level.
                   A        B        C        D        E       F      G
               +--------+--------+--------+--------+--------+-----+--------+
         Total |   3435 |   3185 |    250 |    382 |   2378 |   4 |  858.8 |
       Dungeon |   3435 |   3185 |    250 |    382 |   2378 |   4 |  858.8 |
               +--------+--------+--------+--------+--------+-----+--------+

Top non-repeatable levels by time:
     D:2: 1396 daAuts
     D:3: 1032 daAuts
     D:1: 949 daAuts
     D:4: 57 daAuts
